 Dungeon Crawl Stone Soup version 0.25-a0-603-g0321be95db (webtiles) character file.

Game seed: 8694092400046834423, levelgen mode: deterministic

14 An17 the Skirmisher (level 2, -2/25 HPs)
             Began as a Minotaur Wanderer on Mar 16, 2020.
             Slain by a hobgoblin (5 damage)
             ... on level 1 of the Dungeon.
             The game lasted 00:01:21 (98 turns).

An17 the Skirmisher (Minotaur Wanderer)               Turns: 98, Time: 00:01:21

Health: -2/25      AC:  3    Str: 14    XL:     2   Next: 27%
Magic:  1/1        EV: 11    Int: 14    God:
Gold:   9          SH:  0    Dex:  6    Spells: 1/1 levels left

rFire    . . .     SeeInvis .   a - +0 quarterstaff
rCold    . . .     Gourm    .   (shield currently unavailable)
rNeg     . . .     Faith    .   c - +0 leather armour
rPois    .         Spirit   .   (helmet restricted)
rElec    .         Reflect  .   (no cloak)
rCorr    .         Harm     .   (no gloves)
MR       .....                  (no boots)
Stlth    +.........             (no amulet)
HPRegen  0.08/turn              (no ring)
MPRegen  0.07/turn              (no ring)

@: no status effects
A: retaliatory headbutt, horns 2
a: no special abilities


You were on level 1 of the Dungeon.
You were not hungry.

You visited 1 branch of the dungeon, and saw 1 of its levels.

You collected 9 gold pieces.

Inventory:

Hand Weapons
 a - a +0 quarterstaff (weapon)
 d - a +0 falchion
Missiles
 b - 2 throwing nets (quivered)
Armour
 c - a +0 leather armour (worn)
Potions
 e - a potion of stabbing {unknown}
Comestibles
 f - a ration


   Skills:
 + Level 2.8 Fighting
 + Level 2.8 Long Blades
 + Level 0.5 Staves
 + Level 2.6 Armour
 + Level 2.4 Dodging
 - Level 1.0 Stealth
   Level 1.2 Shields


You had one spell level left.
You didn't know any spells.
Your spell library was empty.

Dungeon Overview and Level Annotations

Branches:
Dungeon (1/15)

Altars:


Innate Abilities, Weirdness & Mutations

You reflexively headbutt those who attack you in melee.
You have a pair of horns on your head.


Message History

Your headbutt misses the giant cockroach.
The giant cockroach closely misses you. You furiously retaliate!
You headbutt the giant cockroach, but do no damage.
You hit the giant cockroach but do no damage.
The giant cockroach bites you. The hobgoblin hits you.
* * * LOW HITPOINT WARNING * * *
The giant cockroach bites you.
* * * LOW HITPOINT WARNING * * *
You are too injured to fight recklessly!
You are too injured to fight recklessly!
You are too injured to fight recklessly!
You barely miss the hobgoblin. The hobgoblin hits you.
* * * LOW HITPOINT WARNING * * *
The giant cockroach barely misses you.
You hit the hobgoblin.
The hobgoblin is severely wounded.
The giant cockroach completely misses you.
The hobgoblin barely misses you. The giant cockroach barely misses you.
The hobgoblin hits you.
You die...

..# #.(# ##.#
#######.... .# ..
...##.........###.##.#
##...................###
#....####...............
).......................
#.#..#.>†..............#
....###.(......sg......#
..### #.(......?@......#
#.# ##...........?.?..
#.# #..)............#
#.# #.†(...........##
..# #.......#.....##
#......######## #.....##
#...#... .....###.


You could see a giant cockroach and a hobgoblin.

Vanquished Creatures
  A leopard gecko (D:1)
  2 goblins (D:1)
  3 hobgoblins (D:1)
  3 kobolds (D:1)
  2 frilled lizards (D:1)
  A rat (D:1)
12 creatures vanquished.

Notes
Turn   | Place    | Note
-------+----------+-------------------------------------------
     0 | D:1      | An17 the Minotaur Wanderer began the quest for the Orb.
     0 | D:1      | An17 set off with the following items: a +0 quarterstaff, 2
                  | throwing nets, a +0 leather armour, a +0 falchion, a ration
     0 | D:1      | Reached XP level 1. HP: 18/18 MP: 0/0
    74 | D:1      | Reached XP level 2. HP: 13/25 MP: 1/1
    98 | D:1      | Slain by a hobgoblin

Levels and vault maps discovered:
D:1:      saegor_arrival_simple_b, layout_rooms, st_stairs_5

Action                   || total
-------------------------++-------
Melee: Quarterstaff      ||    28
Armor: Leather armour    ||     5
Dodge: Dodged            ||    22

Table legend:
 A = Non-vault XP
 B = Vault XP
 C = Vault XP percentage of total XP
 D = Non-vault monster count
 E = Vault monster count
 F = Vault count percentage of total count
                 A         B        C        D         E       F
            +---------+---------+-------+---------+---------+-------
      Total |      20 |       0 |   0.0 |      12 |       0 |   0.0
            +---------+---------+-------+---------+---------+-------
        D:1 |      20 |       0 |   0.0 |      12 |       0 |   0.0
            +---------+---------+-------+---------+---------+-------
